 Dungeon Crawl Stone Soup version 0.23.2 (webtiles) character file.

Game seed: 16014840686852822009

62067 Kairos the Peltast (level 15, -24/118 HPs)
             Began as a Formicid Abyssal Knight on Apr 12, 2019.
             Was the Champion of Lugonu.
             Killed from afar by a thorn hunter (27 damage)
             ... with a volley of thorns
             ... on level 3 of the Swamp.
             The game lasted 00:45:36 (22207 turns).

Kairos the Peltast (Formicid Abyssal Knight)       Turns: 22207, Time: 00:45:37

Health: -24/118    AC: 18    Str: 23    XL:     15   Next: 44%
Magic:  25/26      EV: 14    Int: 12    God:    Lugonu [******]
Gold:   579        SH: 20    Dex: 13    Spells: 11/14 levels left

rFire    + . .     SeeInvis +   t - +3 quarterstaff (chaos)
rCold    + . .     Gourm    .   d - +0 large shield
rNeg     . . .     Faith    .   C - +4 scale mail {rC+}
rPois    .         Spirit   .   (helmet unavailable)
rElec    .         Reflect  .   u - +2 cloak {MR+}
rCorr    .         Harm     .   x - +1 pair of gloves {Dex+3}
MR       ++...                  (no boots)
Stlth    +++.......             P - amulet of the acrobat
HPRegen  0.29/turn              a - ring of protection from fire
MPRegen  0.20/turn              S - ring of magical power

@: no status effects
A: permanent stasis, dig shafts and tunnels, four strong arms, antennae 3
a: Dig, Shaft Self, Depart the Abyss, Bend Space, Banish, Corrupt, Enter the
Abyss, Brand Weapon With Distortion, Renounce Religion


You were on level 3 of the Swamp.
You worshipped Lugonu.
Lugonu was exalted by your worship.
You were not hungry.

You visited 3 branches of the dungeon, and saw 19 of its levels.
You visited the Abyss 1 time.

You collected 1153 gold pieces.
You spent 574 gold pieces at shops.

Inventory:

Hand Weapons
 f - the +1 quarterstaff of the Rat {freeze, rPois rC+ Dex+3}
   (You found it on level 6 of the Lair of Beasts)

   It has been specially enchanted to freeze those struck by it, causing extra
   injury to most foes and up to half again as much damage against particularly
   susceptible opponents.
   It can also slow down cold-blooded creatures.
   It affects your dexterity (+3).
   It protects you from cold.
   It protects you from poison.
 t - a +3 quarterstaff of chaos (weapon)
 D - a +2 dire flail of protection
 F - a +1 trident of protection
 K - a +0 trident of venom
 M - a +0 hand crossbow
Missiles
 e - 107 bolts
 A - 7 throwing nets (quivered)
Armour
 d - a +0 large shield (worn)
 u - a +2 cloak of magic resistance (worn)
 x - a +1 pair of gloves of dexterity (worn)
 y - a scarf of resistance
 C - a +4 scale mail of cold resistance (worn)
 L - a +4 scale mail of poison resistance
Jewellery
 a - a ring of protection from fire (left hand)
 P - an amulet of the acrobat (around neck)
 S - a ring of magical power (right hand)
Wands
 b - a wand of clouds (6)
 o - a wand of acid (26)
 r - a wand of polymorph (36)
 z - a wand of enslavement (8)
 I - a wand of flame (3)
 J - a wand of paralysis (13)
 N - a wand of iceblast (8)
 Q - a wand of random effects (43)
Scrolls
 j - 4 scrolls of fear
 m - 7 scrolls of magic mapping
 n - 3 scrolls of immolation
 p - 2 scrolls of amnesia
 B - 11 scrolls of remove curse
 E - a scroll of holy word {unknown}
 O - 5 scrolls of identify
 T - a scroll of enchant armour
 U - a scroll of torment {unknown}
 V - a scroll of blinking {unknown}
Potions
 g - 3 potions of flight {unknown}
 h - 7 potions of curing
 i - 3 potions of mutation {unknown}
 k - 3 potions of berserk rage {unknown}
 l - 2 potions of might
 q - a potion of resistance
 s - 2 potions of cancellation
 v - a potion of lignification
 w - 4 potions of magic
 G - 2 potions of invisibility
 H - a potion of ambrosia
 R - 2 potions of heal wounds {unknown}
Comestibles
 c - 30 rations


   Skills:
 + Level 11.1 Fighting
 + Level 3.5(10.2) Polearms
 + Level 14.3(14.5) Staves
 + Level 0.4 Throwing
 + Level 9.8 Armour
 + Level 7.4 Dodging
 + Level 8.6 Stealth
 - Level 15.0 Shields
 + Level 3.3 Invocations
 + Level 3.0 Evocations


You had 11 spell levels left.
You knew the following spells:

 Your Spells              Type           Power        Failure   Level  Hunger
a - Confuse               Hex            #.......     91%         3    ####...

Your spell library contained the following spells:

 Spells                   Type           Power        Failure   Level  Hunger
 Corona                   Hex            #......      56%         1    ##.....
 Ensorcelled Hibernation  Hex/Ice        #.....       71%         2    ###....
 Dazzling Spray           Conj/Hex       #.....       91%         3    ####...
 Tukima's Dance           Hex            #.......     91%         3    ####...
 Irradiate                Conj/Tmut      #.........   100%        5    ######.
 Hydra Form               Tmut           #.........   100%        6    #######
 Statue Form              Tmut/Erth      #........    100%        6    #######
 Dragon Form              Tmut           #.........   100%        7    #######


Dungeon Overview and Level Annotations

Branches:
Dungeon (10/15)            Temple (0/1) D:4            Lair (6/6) D:8
  Swamp (3/4) Lair:3       Spider (0/4) Lair:3        Slime (0/5) Lair:5
    Orc (0/2) D:10

Altars:
Ashenzari
Kikubaaqudgha
Makhleb
Qazlal
Ru
Vehumet
Xom
Jiyva

Shops:
D:5 *   D:8 *   D:10 [[%

Annotations:
Lair:5 1 runed translucent door
Abyss:1 Gastronok


Innate Abilities, Weirdness & Mutations

You cannot be hasted, slowed, berserked, paralysed or teleported.
You can dig through walls and to a lower floor.
Your four strong arms can wield two-handed weapons with a shield.
You have a pair of large antennae on your head. (SInv)


Message History

You hit the thorn hunter but do no damage.
The thorn hunter is moderately damaged.
The thorn hunter hits you!
* * * LOW HITPOINT WARNING * * *
The thorn hunter hits you!
* * * LOW HITPOINT WARNING * * *
Unknown command.
You sock the thorn hunter! You burn the thorn hunter.
The thorn hunter is heavily damaged.
The briar patch crumbles away.
You block the thorn hunter's attack.
The thorn hunter hits you but does no damage.
Unknown command.
You fail to use your ability.
The briar patch crumbles away.
The thorn hunter hits you!
* * * LOW HITPOINT WARNING * * *
You block the thorn hunter's attack. Space bends around you!
You blink.
The briar patch crumbles away.
The thorn hunter fires a volley of thorns at you.
The volley of thorns hits you!!
You die...

♣♣.≈.♣ ♣♣..♣
♣..♣♣ ≈..≈♣♣.
♣..P♣♣ ♣.≈.♣
♣≈≈♣♣ ≈≈♣≈≈≈?
♣...♣
♣♣..♣♣♣♣....
≈.≈≈≈♣.♣♣ ♣.♣.♣♣
♣≈≈§.♣≈§≈..
...≈≈≈..♣ ♣≈≈≈.♣
♣.....♣≈≈§.
.≈≈.≈≈≈.♣ ♣≈.≈♣♣
♣......≈♣..
≈≈≈.♣≈≈.♣♣♣.§≈.♣
♣...>....≈§
≈≈≈≈≈≈≈..♣♣≈<.♣♣
♣♣..♣..≈≈§..
...≈≈....♣.≈@♣♣
♣..♣♣♣...≈.♣
♣.≈≈..♣..♣♣..♣
♣..♣ ♣♣≈.≈♣♣
♣♣?§≈ ♣>≈f§..♣
♣♣≈.♣ ♣≈..♣ ♣≈≈
♣.≈.≈≈.♣ ♣≈.♣♣
♣♣..♣ ♣♣
♣♣.§≈≈.♣♣♣♣≈.♣♣
♣..♣
♣♣.♣≈≈.♣♣≈.♣.♣
♣..♣
♣.≈.♣...≈♣.♣♣
♣♣≈♣♣
♣♣§♣.♣♣≈♣♣♣♣
♣.≈.♣ ♣♣♣♣♣♣♣♣
♣♣≈♣♣


You could see a thorn hunter.

Vanquished Creatures
  A very ugly thing (Swamp:3)
  4 dire elephants (Lair:6)
  Harold (D:8)
  2 anacondas (Lair:6)
  6 hydras
  7 alligators
  Erica (D:8)
  2 two-headed ogres
  Sonja (Lair:1)
  A fire crab (Lair:6)
  2 spriggan druids
  A glowing shapeshifter (Lair:6)
  A deep elf mage (D:10)
  13 elephants
  Joseph (D:8)
  4 black mambas
  A gargoyle (D:10)
  12 spiny frogs
  A yaktaur (shapeshifter) (Lair:4)
  2 rime drakes (Lair:4)
  4 komodo dragons
  A jumping spider (Lair:6)
  A troll (D:10)
  8 hornets
  3 bog bodies
  3 tyrant leeches
  18 blink frogs
  11 slime creatures (Swamp:2)
  6 hippogriffs
  A meliai zombie (D:10)
  8 spriggans
  Eustachio (D:6)
  2 wyverns (D:8)
  A steam dragon (D:7)
  A hungry ghost (D:9)
  26 yaks
  Grum (Lair:1)
  2 basilisks
  Menkaure (D:5)
  14 vampire mosquitoes
  4 insubstantial wisps (Swamp:1)
  12 swamp worms
  Edmund (D:6)
  7 water moccasins
  A warg (Lair:6)
  4 porcupines
  2 sky beasts
  3 swamp drakes
  A sky beast (shapeshifter) (Lair:4)
  An ice beast (D:8)
  2 orc warriors
  A black bear (D:5)
  3 ogres
  7 centaurs
  18 crocodiles
  21 wolves
  A big kobold (D:4)
  22 bullfrogs
  4 scorpions
  5 wights
  3 howler monkeys
  An electric eel (Lair:6)
  A centaur zombie (D:7)
  2 bullfrog zombies
  A quasit (D:10)
  6 crimson imps
  A hound (D:10)
  Crazy Yiuf (D:2)
  A centaur skeleton (D:8)
  A gnoll shaman (D:4)
  3 orc priests
  A bullfrog skeleton (D:9)
  3 jellies
  Jessica (D:2)
  8 orc wizards
  6 worker ants
  2 hound zombies
  6 gnolls
  10 adders
  4 shadow imps
  2 oozes
  2 adder zombies
  2 adder skeletons
  2 worms
  4 dart slugs
  5 leopard geckos
  36 orcs
  6 bats
  5 giant cockroaches
  9 goblins
  5 hobgoblins
  9 jackals
  7 quokkas
  4 frilled lizards
  A giant cockroach zombie (D:5)
  4 kobolds
  A quokka zombie (D:5)
  6 rats
  4 plants (Lair:6)
473 creatures vanquished.

Vanquished Creatures (collateral kills)
  A bullfrog (Lair:3)
1 creature vanquished.

Vanquished Creatures (others)
  An alligator (Swamp:3)
  An elephant (Lair:6)
  A sky beast (D:5)
  A phantom (D:8)
  A crimson imp (D:10)
  An orc (D:6)
  A fungus (Lair:3)
  6 plants
13 creatures vanquished.

Grand Total: 487 creatures vanquished

Notes
Turn   | Place    | Note
-------+----------+-------------------------------------------
     0 | Abyss:1  | Kairos the Formicid Abyssal Knight began the quest for the
                  | Orb.
     0 | Abyss:1  | Reached XP level 1. HP: 18/18 MP: 2/2
    42 | Abyss:1  | Noticed a small abomination
    42 | Abyss:1  | Noticed a bone dragon
    44 | Abyss:1  | Noticed a large abomination
   104 | Abyss:2  | Noticed a wretched star
   107 | D:1      | Escaped the Abyss
   182 | D:1      | Reached XP level 2. HP: 9/24 MP: 3/3
   913 | D:1      | Reached * piety under Lugonu
  1014 | D:1      | Reached XP level 3. HP: 30/30 MP: 4/4
  1252 | D:2      | Found a runed translucent door.
  1253 | D:2      | Noticed Crazy Yiuf
  1351 | D:2      | Noticed Jessica
  1359 | D:2      | Killed Jessica
  1359 | D:2      | Reached skill level 1 in Dodging
  1359 | D:2      | Reached skill level 1 in Shields
  1359 | D:2      | Reached XP level 4. HP: 21/37 MP: 5/5
  1465 | D:2      | Found an ancient bone altar of Kikubaaqudgha.
  1821 | D:2      | Killed Crazy Yiuf
  2245 | D:3      | Reached XP level 5. HP: 30/42 MP: 6/6
  2267 | D:3      | Found a burning altar of Makhleb.
  2474 | D:3      | Reached ** piety under Lugonu
  2667 | D:3      | Reached skill level 1 in Staves
  2872 | D:4      | You fall through a shaft!
  2872 | D:5      | Entered Level 5 of the Dungeon
  2891 | D:4      | Found a staircase to the Ecumenical Temple.
  2919 | D:4      | Reached XP level 6. HP: 29/48 MP: 7/7
  2932 | D:4      | Reached skill level 1 in Stealth
  2938 | D:4      | Reached skill level 2 in Shields
  3580 | D:4      | Learned a level 3 spell: Confuse
  3620 | D:4      | Reached XP level 7. HP: 53/54 MP: 9/9
  3921 | D:5      | Found Xosar's General Store.
  3942 | D:5      | Reached skill level 3 in Shields
  4045 | D:5      | Noticed Menkaure
  4052 | D:5      | Killed Menkaure
  4052 | D:5      | Reached XP level 8. HP: 61/61 MP: 10/10
  4532 | D:5      | Reached skill level 5 in Staves
  4532 | D:5      | Reached skill level 4 in Shields
  4651 | D:5      | Reached skill level 5 in Armour
  4661 | D:5      | Reached *** piety under Lugonu
  4957 | D:6      | Reached XP level 9. HP: 53/67 MP: 11/11
  4964 | D:6      | Noticed Edmund
  5000 | D:6      | Killed Edmund
  5000 | D:6      | Reached skill level 5 in Fighting
  5010 | D:6      | Reached skill level 5 in Shields
  5145 | D:6      | Found a sacrificial altar of Ru.
  5146 | D:6      | Found a stormy altar of Qazlal.
  5146 | D:6      | Found a shimmering altar of Xom.
  5195 | D:6      | Noticed Eustachio
  5201 | D:6      | Killed Eustachio
  5450 | D:7      | Found a shattered altar of Ashenzari.
  5492 | D:7      | Found a radiant altar of Vehumet.
  5652 | D:7      | Noticed a hippogriff
  5661 | D:7      | Killed a hippogriff
  5689 | D:7      | Reached **** piety under Lugonu
  5699 | D:7      | Reached skill level 6 in Shields
  5859 | D:7      | Reached XP level 10. HP: 20/76 MP: 12/12
  6713 | D:8      | Noticed Harold
  6714 | D:8      | Found Tutiukee's Assorted Antiques.
  6722 | D:8      | Killed Harold
  6722 | D:8      | Reached skill level 7 in Shields
  7045 | D:8      | Noticed Erica
  7058 | D:8      | Killed Erica
  7058 | D:8      | Reached skill level 5 in Stealth
  7221 | D:5      | Bought a +4 scale mail of poison resistance for 364 gold
                  | pieces
  7395 | D:8      | Reached skill level 8 in Shields
  7426 | D:8      | Found a staircase to the Lair.
  7533 | D:8      | Reached XP level 11. HP: 83/83 MP: 13/13
  7571 | D:8      | Noticed Joseph
  7589 | D:8      | Killed Joseph
  8136 | D:9      | Noticed a two-headed ogre
  8147 | D:9      | Killed a two-headed ogre
  8147 | D:9      | Reached ***** piety under Lugonu
  8147 | D:9      | Reached skill level 10 in Staves
  8168 | D:9      | Reached skill level 9 in Shields
  8693 | D:10     | Entered Level 10 of the Dungeon
  8820 | D:10     | Found Deyweo's Antique Armour Boutique.
  8879 | D:10     | Noticed a two-headed ogre
  8941 | D:10     | Killed a two-headed ogre
  9067 | D:10     | Found a staircase to the Orcish Mines.
  9102 | D:10     | Found Ixtiem's Antique Armour Boutique.
  9181 | D:10     | Found Astradoju's Food Boutique.
  9320 | D:10     | Noticed a deep elf mage
  9329 | D:10     | Killed a deep elf mage
 10275 | D:10     | Bought a pair of glowing gloves for 210 gold pieces
 10375 | Lair:1   | Entered Level 1 of the Lair of Beasts
 10401 | Lair:1   | Reached skill level 10 in Shields
 10419 | Lair:1   | Reached XP level 12. HP: 85/91 MP: 14/14
 11098 | Lair:1   | Noticed Grum
 11123 | Lair:1   | Killed Grum
 11148 | Lair:1   | Noticed Sonja
 11156 | Lair:1   | Killed Sonja
 11766 | Lair:1   | Reached skill level 11 in Shields
 11770 | Lair:1   | Noticed Gastronok
 11784 | Lair:1   | Banished Gastronok
 11784 | Lair:1   | Reached skill level 1 in Evocations
 12255 | Lair:2   | Reached skill level 5 in Dodging
 12612 | Lair:2   | Noticed a four-headed hydra
 12627 | Lair:2   | Killed a four-headed hydra
 12659 | Lair:2   | Reached XP level 13. HP: 99/99 MP: 15/15
 13197 | Lair:3   | Found a staircase to the Swamp.
 13218 | Lair:3   | Found a hole to the Spider Nest.
 13228 | Lair:3   | Reached skill level 12 in Shields
 14182 | Lair:4   | Found a radiant altar of Vehumet.
 14290 | Lair:4   | Noticed a five-headed hydra
 14300 | Lair:4   | Killed a five-headed hydra
 14350 | Lair:4   | Reached ****** piety under Lugonu
 14601 | Lair:4   | Identified the +1 leather armour of Summertime {rC+ rN+
                  | rCorr Int-4} (You found it on level 4 of the Lair of
                  | Beasts)
 15103 | Lair:5   | Found a runed translucent door.
 15103 | Lair:5   | Found a viscous altar of Jiyva.
 15103 | Lair:5   | Found a staircase to the Slime Pits.
 15103 | Lair:5   | Noticed an acid blob
 15322 | Lair:5   | Noticed a four-headed hydra
 15336 | Lair:5   | Killed a four-headed hydra
 16112 | Lair:6   | Entered Level 6 of the Lair of Beasts
 16112 | Lair:6   | Noticed an anaconda
 16135 | Lair:6   | Killed an anaconda
 16135 | Lair:6   | Reached skill level 13 in Shields
 16500 | Lair:6   | Reached XP level 14. HP: 70/109 MP: 16/16
 16821 | Lair:6   | Reached skill level 10 in Fighting
 17639 | Lair:6   | Noticed a dire elephant
 17716 | Lair:6   | Killed a dire elephant
 17826 | Lair:6   | Noticed a dire elephant
 17867 | Lair:6   | Killed a dire elephant
 18109 | Lair:6   | Noticed a dire elephant
 18109 | Lair:6   | Noticed a dire elephant
 18133 | Lair:6   | Killed a dire elephant
 18133 | Lair:6   | Reached skill level 14 in Shields
 18150 | Lair:6   | Killed a dire elephant
 18164 | Lair:6   | Got an ichor-stained quarterstaff
 18165 | Lair:6   | Identified the cursed +1 quarterstaff of the Rat {freeze,
                  | rPois rC+ Dex+3} (You found it on level 6 of the Lair of
                  | Beasts)
 18268 | Swamp:1  | Entered Level 1 of the Swamp
 20081 | Swamp:2  | Reached XP level 15. HP: 93/117 MP: 17/17
 21506 | Swamp:3  | Reached skill level 15 in Shields
 21819 | Swamp:3  | Noticed a purple very ugly thing
 21859 | Swamp:3  | Killed a purple very ugly thing
 22182 | Swamp:3  | Noticed a thorn hunter
 22206 | Swamp:3  | HP: 5/118 [thorn hunter (15)]
 22207 | Swamp:3  | Killed from afar by a thorn hunter

Skill      XL: |  1  2  3  4  5  6  7  8  9 10 11 12 13 14 15 |
---------------+----------------------------------------------+-----
Dodging        | 1 2 3 4 5 6 7 |  7.4
Shields        | 1 2 3 4 6 8 10 11 13 14 15 | 15.0
Armour         | 3 4 5 6 7 8 9 |  9.8
Polearms       | 3 |  3.5
Staves         | 1 2 4 5 7 9 10 11 12 13 14 | 14.3
Stealth        | 1 2 3 5 6 7 8 |  8.6
Fighting       | 4 6 7 8 9 10 11 | 11.1
Invocations    | 3 |  3.3
Evocations     | 1 2 3 |  3.0
Throwing       | |  0.4

Action                   |  1- 3 |  4- 6 |  7- 9 | 10-12 | 13-15 || total
-------------------------+-------+-------+-------+-------+-------++-------
Melee: Trident           |    97 |     9 |       |    64 |       ||   170
       Quarterstaff      |       |   140 |   303 |   622 |  1378 ||  2443
Throw: Throwing net      |       |       |       |     2 |       ||     2
Invok: Depart the Abyss  |     1 |       |       |       |       ||     1
       Bend Space        |       |     1 |     1 |     3 |     1 ||     6
 Abil: Dig               |       |     1 |     5 |    18 |    17 ||    41
Evoke: Wand              |       |     1 |       |    14 |    27 ||    42
  Use: Scroll            |       |     1 |    10 |     3 |     5 ||    19
       Potion            |       |       |     6 |     4 |       ||    10
 Stab: Petrified         |       |     4 |     3 |       |     5 ||    12
       Confused          |       |     1 |     2 |     2 |    11 ||    16
       Paralysed         |       |       |     1 |    13 |     7 ||    21
       Petrifying        |       |       |     1 |       |     5 ||     6
       Sleeping          |       |       |       |     4 |     6 ||    10
       Distracted        |       |       |       |     1 |       ||     1
  Eat: Chunk             |     1 |     5 |     8 |    18 |    17 ||    49
       Ration            |       |     1 |       |     2 |     5 ||     8
Armor: Ring mail         |    28 |    46 |    99 |     8 |       ||   181
       Leather armour    |     1 |       |       |       |       ||     1
       Skin              |       |       |     7 |       |       ||     7
       Scale mail        |       |       |       |   136 |   231 ||   367
Dodge: Dodged            |    15 |    26 |    87 |   136 |   342 ||   606
Block: Large shield      |    47 |   111 |   247 |   474 |   950 ||  1829
